Workbook

Sheet Summary
A1: Fictional Greenway Grounds LLC — Year-End Close Summary
A2: Calculated from the Close Checklist. All example names, references, and amounts are fictional; no external systems are connected.
A4: Close Indicator | B4: Calculated Value | E4: Task Status | F4: Task Count
A5: Tasks entered | B5: =COUNTIF('Close Checklist'!$A$5:$A$104,"<>") | E5: Not Started | F5: =COUNTIF('Close Checklist'!$G$5:$G$104,"Not Started")
A6: Completed tasks | B6: =COUNTIF('Close Checklist'!$G$5:$G$104,"Complete") | E6: In Progress | F6: =COUNTIF('Close Checklist'!$G$5:$G$104,"In Progress")
A7: Not applicable tasks | B7: =COUNTIF('Close Checklist'!$G$5:$G$104,"Not Applicable") | E7: Ready for Review | F7: =COUNTIF('Close Checklist'!$G$5:$G$104,"Ready for Review")
A8: Open tasks | B8: =MAX(0,B5-B6-B7) | E8: Complete | F8: =COUNTIF('Close Checklist'!$G$5:$G$104,"Complete")
A9: Completion rate | B9: =IFERROR((B6+B7)/B5,"") | E9: Not Applicable | F9: =COUNTIF('Close Checklist'!$G$5:$G$104,"Not Applicable")
A10: Overdue open tasks | B10: =COUNTIFS('Close Checklist'!$A$5:$A$104,"<>",'Close Checklist'!$F$5:$F$104,"<"&TODAY(),'Close Checklist'!$F$5:$F$104,"<>",'Close Checklist'!$G$5:$G$104,"<>Complete",'Close Checklist'!$G$5:$G$104,"<>Not Applicable") | E10: Missing Status | F10: =COUNTIFS('Close Checklist'!$A$5:$A$104,"<>",'Close Checklist'!$G$5:$G$104,"")
A11: Ready for review | B11: =COUNTIF('Close Checklist'!$G$5:$G$104,"Ready for Review")
A12: Tasks missing status | B12: =COUNTIFS('Close Checklist'!$A$5:$A$104,"<>",'Close Checklist'!$G$5:$G$104,"")
A13: Approved sign-offs | B13: =COUNTIF('Close Checklist'!$M$5:$M$104,"Approved")
A14: Amount reviewed | B14: =IF(B5=0,"",SUM('Close Checklist'!$I$5:$I$104))
A15: Completed tasks missing support | B15: =COUNTIFS('Close Checklist'!$A$5:$A$104,"<>",'Close Checklist'!$G$5:$G$104,"Complete",'Close Checklist'!$H$5:$H$104,"")
A16: Completed tasks needing sign-off | B16: =COUNTIFS('Close Checklist'!$A$5:$A$104,"<>",'Close Checklist'!$G$5:$G$104,"Complete",'Close Checklist'!$M$5:$M$104,"<>Approved",'Close Checklist'!$M$5:$M$104,"<>Not Required")
A17: Latest period end | B17: =IF(COUNT('Close Checklist'!$D$5:$D$104)=0,"",MAX('Close Checklist'!$D$5:$D$104))
A18: As of date | B18: =TODAY()

Sheet Close Checklist
A1: Fictional Greenway Grounds LLC — Lawn Care Year-End Close Checklist
A2: Enter administrative close tasks, supporting file references, dates, amounts, and human sign-offs. This workbook does not provide legal or tax advice. All examples are fictional.
A4: Task ID | B4: Close Area | C4: Close Task | D4: Period End | E4: Owner | F4: Due Date | G4: Task Status | H4: Support Reference | I4: Amount Reviewed | J4: Completed Date | K4: Reviewer | L4: Review Date | M4: Sign-off Status | N4: Days Until Due | O4: Attention | P4: Notes
A5: FYC-001 | B5: Cash & Banking | C5: Reconcile bank and card accounts | D5: 46022 | E5: Avery Fern (fictional) | F5: 46030 | G5: Complete | H5: Fictional file: bank reconciliation 001 | I5: 48216.83 | J5: 46029 | K5: Morgan Elm (fictional) | L5: 46032 | M5: Approved | N5: =IF(OR($A5="",$F5="",$G5="Complete",$G5="Not Applicable"),"",$F5-TODAY()) | O5: =IF($A5="","",IF($G5="","Add status",IF(OR($G5="Complete",$G5="Not Applicable"),IF(AND($G5="Complete",$J5=""),"Check completed date",IF(AND($G5="Complete",$H5=""),"Check support",IF(AND($G5="Complete",$M5<>"Approved",$M5<>"Not Required"),"Check sign-off",IF(AND($M5="Approved",$L5=""),"Check review date","Closed")))),IF(AND($G5="Ready for Review",$H5=""),"Check support",IF($F5="","Add due date",IF($F5<TODAY(),"Overdue",IF($F5<=TODAY()+Assumptions!$B$4,"Due soon",IF($G5="Ready for Review","Review ready","Open")))))))) | P5: Balances were compared to fictional statements.
A6: FYC-002 | B6: Receivables | C6: Review open customer balances | D6: 46022 | E6: Jordan Spruce (fictional) | F6: 46034 | G6: Complete | H6: Fictional file: receivables aging 002 | I6: 13750 | J6: 46033 | K6: Reese Meadow (fictional) | L6: 46035 | M6: Approved | N6: =IF(OR($A6="",$F6="",$G6="Complete",$G6="Not Applicable"),"",$F6-TODAY()) | O6: =IF($A6="","",IF($G6="","Add status",IF(OR($G6="Complete",$G6="Not Applicable"),IF(AND($G6="Complete",$J6=""),"Check completed date",IF(AND($G6="Complete",$H6=""),"Check support",IF(AND($G6="Complete",$M6<>"Approved",$M6<>"Not Required"),"Check sign-off",IF(AND($M6="Approved",$L6=""),"Check review date","Closed")))),IF(AND($G6="Ready for Review",$H6=""),"Check support",IF($F6="","Add due date",IF($F6<TODAY(),"Overdue",IF($F6<=TODAY()+Assumptions!$B$4,"Due soon",IF($G6="Ready for Review","Review ready","Open")))))))) | P6: Old balances were flagged for a separate human review.
A7: FYC-003 | B7: Payables | C7: Record outstanding vendor bills | D7: 46022 | E7: Riley Moss (fictional) | F7: 46274 | G7: Ready for Review | H7: Fictional file: unpaid bills list 003 | I7: 9234.55 | J7: 46273 | K7: Morgan Elm (fictional) | M7: Pending | N7: =IF(OR($A7="",$F7="",$G7="Complete",$G7="Not Applicable"),"",$F7-TODAY()) | O7: =IF($A7="","",IF($G7="","Add status",IF(OR($G7="Complete",$G7="Not Applicable"),IF(AND($G7="Complete",$J7=""),"Check completed date",IF(AND($G7="Complete",$H7=""),"Check support",IF(AND($G7="Complete",$M7<>"Approved",$M7<>"Not Required"),"Check sign-off",IF(AND($M7="Approved",$L7=""),"Check review date","Closed")))),IF(AND($G7="Ready for Review",$H7=""),"Check support",IF($F7="","Add due date",IF($F7<TODAY(),"Overdue",IF($F7<=TODAY()+Assumptions!$B$4,"Due soon",IF($G7="Ready for Review","Review ready","Open")))))))) | P7: Reviewer date remains open.
A8: FYC-004 | B8: Equipment & Assets | C8: Update equipment asset and disposal log | D8: 46022 | E8: Casey Clover (fictional) | F8: 46280 | G8: In Progress | I8: 18600 | K8: Morgan Elm (fictional) | M8: Pending | N8: =IF(OR($A8="",$F8="",$G8="Complete",$G8="Not Applicable"),"",$F8-TODAY()) | O8: =IF($A8="","",IF($G8="","Add status",IF(OR($G8="Complete",$G8="Not Applicable"),IF(AND($G8="Complete",$J8=""),"Check completed date",IF(AND($G8="Complete",$H8=""),"Check support",IF(AND($G8="Complete",$M8<>"Approved",$M8<>"Not Required"),"Check sign-off",IF(AND($M8="Approved",$L8=""),"Check review date","Closed")))),IF(AND($G8="Ready for Review",$H8=""),"Check support",IF($F8="","Add due date",IF($F8<TODAY(),"Overdue",IF($F8<=TODAY()+Assumptions!$B$4,"Due soon",IF($G8="Ready for Review","Review ready","Open")))))))) | P8: Fictional mower disposal support is still being gathered.
A9: FYC-005 | B9: Operating Costs | C9: Match fuel and mileage logs to expense records | D9: 46022 | E9: Taylor Birch (fictional) | F9: 46037 | G9: Complete | I9: 4278.2 | J9: 46036 | K9: Morgan Elm (fictional) | L9: 46038 | M9: Approved | N9: =IF(OR($A9="",$F9="",$G9="Complete",$G9="Not Applicable"),"",$F9-TODAY()) | O9: =IF($A9="","",IF($G9="","Add status",IF(OR($G9="Complete",$G9="Not Applicable"),IF(AND($G9="Complete",$J9=""),"Check completed date",IF(AND($G9="Complete",$H9=""),"Check support",IF(AND($G9="Complete",$M9<>"Approved",$M9<>"Not Required"),"Check sign-off",IF(AND($M9="Approved",$L9=""),"Check review date","Closed")))),IF(AND($G9="Ready for Review",$H9=""),"Check support",IF($F9="","Add due date",IF($F9<TODAY(),"Overdue",IF($F9<=TODAY()+Assumptions!$B$4,"Due soon",IF($G9="Ready for Review","Review ready","Open")))))))) | P9: Intentional sample alert: completed support is blank.
A10: FYC-006 | B10: Prepaids & Insurance | C10: Review prepaid insurance schedule | D10: 46022 | E10: Skyler Reed (fictional) | F10: 46285 | G10: Not Started | K10: Reese Meadow (fictional) | M10: Pending | N10: =IF(OR($A10="",$F10="",$G10="Complete",$G10="Not Applicable"),"",$F10-TODAY()) | O10: =IF($A10="","",IF($G10="","Add status",IF(OR($G10="Complete",$G10="Not Applicable"),IF(AND($G10="Complete",$J10=""),"Check completed date",IF(AND($G10="Complete",$H10=""),"Check support",IF(AND($G10="Complete",$M10<>"Approved",$M10<>"Not Required"),"Check sign-off",IF(AND($M10="Approved",$L10=""),"Check review date","Closed")))),IF(AND($G10="Ready for Review",$H10=""),"Check support",IF($F10="","Add due date",IF($F10<TODAY(),"Overdue",IF($F10<=TODAY()+Assumptions!$B$4,"Due soon",IF($G10="Ready for Review","Review ready","Open")))))))) | P10: Administrative review has not started.
A11: FYC-007 | B11: Payroll | C11: Reconcile payroll clearing and liability records | D11: 46022 | E11: Morgan Elm (fictional) | F11: 46032 | G11: Complete | H11: Fictional file: payroll reconciliation 007 | I11: 11842.7 | J11: 46031 | K11: Drew Laurel (fictional) | L11: 46033 | M11: Approved | N11: =IF(OR($A11="",$F11="",$G11="Complete",$G11="Not Applicable"),"",$F11-TODAY()) | O11: =IF($A11="","",IF($G11="","Add status",IF(OR($G11="Complete",$G11="Not Applicable"),IF(AND($G11="Complete",$J11=""),"Check completed date",IF(AND($G11="Complete",$H11=""),"Check support",IF(AND($G11="Complete",$M11<>"Approved",$M11<>"Not Required"),"Check sign-off",IF(AND($M11="Approved",$L11=""),"Check review date","Closed")))),IF(AND($G11="Ready for Review",$H11=""),"Check support",IF($F11="","Add due date",IF($F11<TODAY(),"Overdue",IF($F11<=TODAY()+Assumptions!$B$4,"Due soon",IF($G11="Ready for Review","Review ready","Open")))))))) | P11: Fictional payroll records were reviewed.
A12: FYC-008 | B12: Customer Deposits | C12: Review unearned customer deposits | D12: 46022 | E12: Reese Meadow (fictional) | F12: 46044 | G12: Complete | H12: Fictional file: deposit detail 008 | I12: 5320 | J12: 46043 | K12: Drew Laurel (fictional) | L12: 46046 | M12: Changes Requested | N12: =IF(OR($A12="",$F12="",$G12="Complete",$G12="Not Applicable"),"",$F12-TODAY()) | O12: =IF($A12="","",IF($G12="","Add status",IF(OR($G12="Complete",$G12="Not Applicable"),IF(AND($G12="Complete",$J12=""),"Check completed date",IF(AND($G12="Complete",$H12=""),"Check support",IF(AND($G12="Complete",$M12<>"Approved",$M12<>"Not Required"),"Check sign-off",IF(AND($M12="Approved",$L12=""),"Check review date","Closed")))),IF(AND($G12="Ready for Review",$H12=""),"Check support",IF($F12="","Add due date",IF($F12<TODAY(),"Overdue",IF($F12<=TODAY()+Assumptions!$B$4,"Due soon",IF($G12="Ready for Review","Review ready","Open")))))))) | P12: Intentional sample alert: reviewer requested a change.
A13: FYC-009 | B13: Inventory & Supplies | C13: Count unused materials and shop supplies | D13: 46022 | E13: Parker Grove (fictional) | F13: 46028 | G13: Not Applicable | H13: Fictional note: no recorded year-end inventory | K13: Morgan Elm (fictional) | L13: 46029 | M13: Not Required | N13: =IF(OR($A13="",$F13="",$G13="Complete",$G13="Not Applicable"),"",$F13-TODAY()) | O13: =IF($A13="","",IF($G13="","Add status",IF(OR($G13="Complete",$G13="Not Applicable"),IF(AND($G13="Complete",$J13=""),"Check completed date",IF(AND($G13="Complete",$H13=""),"Check support",IF(AND($G13="Complete",$M13<>"Approved",$M13<>"Not Required"),"Check sign-off",IF(AND($M13="Approved",$L13=""),"Check review date","Closed")))),IF(AND($G13="Ready for Review",$H13=""),"Check support",IF($F13="","Add due date",IF($F13<TODAY(),"Overdue",IF($F13<=TODAY()+Assumptions!$B$4,"Due soon",IF($G13="Ready for Review","Review ready","Open")))))))) | P13: Management marked this fictional task not applicable.
A14: FYC-010 | B14: Financial Reporting | C14: Assemble the year-end close package | D14: 46022 | E14: Drew Laurel (fictional) | F14: 46295 | G14: In Progress | H14: Fictional file: close package index 010 | K14: Morgan Elm (fictional) | M14: Pending | N14: =IF(OR($A14="",$F14="",$G14="Complete",$G14="Not Applicable"),"",$F14-TODAY()) | O14: =IF($A14="","",IF($G14="","Add status",IF(OR($G14="Complete",$G14="Not Applicable"),IF(AND($G14="Complete",$J14=""),"Check completed date",IF(AND($G14="Complete",$H14=""),"Check support",IF(AND($G14="Complete",$M14<>"Approved",$M14<>"Not Required"),"Check sign-off",IF(AND($M14="Approved",$L14=""),"Check review date","Closed")))),IF(AND($G14="Ready for Review",$H14=""),"Check support",IF($F14="","Add due date",IF($F14<TODAY(),"Overdue",IF($F14<=TODAY()+Assumptions!$B$4,"Due soon",IF($G14="Ready for Review","Review ready","Open")))))))) | P14: Draft package is in progress.
N15: =IF(OR($A15="",$F15="",$G15="Complete",$G15="Not Applicable"),"",$F15-TODAY()) | O15: =IF($A15="","",IF($G15="","Add status",IF(OR($G15="Complete",$G15="Not Applicable"),IF(AND($G15="Complete",$J15=""),"Check completed date",IF(AND($G15="Complete",$H15=""),"Check support",IF(AND($G15="Complete",$M15<>"Approved",$M15<>"Not Required"),"Check sign-off",IF(AND($M15="Approved",$L15=""),"Check review date","Closed")))),IF(AND($G15="Ready for Review",$H15=""),"Check support",IF($F15="","Add due date",IF($F15<TODAY(),"Overdue",IF($F15<=TODAY()+Assumptions!$B$4,"Due soon",IF($G15="Ready for Review","Review ready","Open"))))))))
N16: =IF(OR($A16="",$F16="",$G16="Complete",$G16="Not Applicable"),"",$F16-TODAY()) | O16: =IF($A16="","",IF($G16="","Add status",IF(OR($G16="Complete",$G16="Not Applicable"),IF(AND($G16="Complete",$J16=""),"Check completed date",IF(AND($G16="Complete",$H16=""),"Check support",IF(AND($G16="Complete",$M16<>"Approved",$M16<>"Not Required"),"Check sign-off",IF(AND($M16="Approved",$L16=""),"Check review date","Closed")))),IF(AND($G16="Ready for Review",$H16=""),"Check support",IF($F16="","Add due date",IF($F16<TODAY(),"Overdue",IF($F16<=TODAY()+Assumptions!$B$4,"Due soon",IF($G16="Ready for Review","Review ready","Open"))))))))
N17: =IF(OR($A17="",$F17="",$G17="Complete",$G17="Not Applicable"),"",$F17-TODAY()) | O17: =IF($A17="","",IF($G17="","Add status",IF(OR($G17="Complete",$G17="Not Applicable"),IF(AND($G17="Complete",$J17=""),"Check completed date",IF(AND($G17="Complete",$H17=""),"Check support",IF(AND($G17="Complete",$M17<>"Approved",$M17<>"Not Required"),"Check sign-off",IF(AND($M17="Approved",$L17=""),"Check review date","Closed")))),IF(AND($G17="Ready for Review",$H17=""),"Check support",IF($F17="","Add due date",IF($F17<TODAY(),"Overdue",IF($F17<=TODAY()+Assumptions!$B$4,"Due soon",IF($G17="Ready for Review","Review ready","Open"))))))))
N18: =IF(OR($A18="",$F18="",$G18="Complete",$G18="Not Applicable"),"",$F18-TODAY()) | O18: =IF($A18="","",IF($G18="","Add status",IF(OR($G18="Complete",$G18="Not Applicable"),IF(AND($G18="Complete",$J18=""),"Check completed date",IF(AND($G18="Complete",$H18=""),"Check support",IF(AND($G18="Complete",$M18<>"Approved",$M18<>"Not Required"),"Check sign-off",IF(AND($M18="Approved",$L18=""),"Check review date","Closed")))),IF(AND($G18="Ready for Review",$H18=""),"Check support",IF($F18="","Add due date",IF($F18<TODAY(),"Overdue",IF($F18<=TODAY()+Assumptions!$B$4,"Due soon",IF($G18="Ready for Review","Review ready","Open"))))))))
N19: =IF(OR($A19="",$F19="",$G19="Complete",$G19="Not Applicable"),"",$F19-TODAY()) | O19: =IF($A19="","",IF($G19="","Add status",IF(OR($G19="Complete",$G19="Not Applicable"),IF(AND($G19="Complete",$J19=""),"Check completed date",IF(AND($G19="Complete",$H19=""),"Check support",IF(AND($G19="Complete",$M19<>"Approved",$M19<>"Not Required"),"Check sign-off",IF(AND($M19="Approved",$L19=""),"Check review date","Closed")))),IF(AND($G19="Ready for Review",$H19=""),"Check support",IF($F19="","Add due date",IF($F19<TODAY(),"Overdue",IF($F19<=TODAY()+Assumptions!$B$4,"Due soon",IF($G19="Ready for Review","Review ready","Open"))))))))
N20: =IF(OR($A20="",$F20="",$G20="Complete",$G20="Not Applicable"),"",$F20-TODAY()) | O20: =IF($A20="","",IF($G20="","Add status",IF(OR($G20="Complete",$G20="Not Applicable"),IF(AND($G20="Complete",$J20=""),"Check completed date",IF(AND($G20="Complete",$H20=""),"Check support",IF(AND($G20="Complete",$M20<>"Approved",$M20<>"Not Required"),"Check sign-off",IF(AND($M20="Approved",$L20=""),"Check review date","Closed")))),IF(AND($G20="Ready for Review",$H20=""),"Check support",IF($F20="","Add due date",IF($F20<TODAY(),"Overdue",IF($F20<=TODAY()+Assumptions!$B$4,"Due soon",IF($G20="Ready for Review","Review ready","Open"))))))))
N21: =IF(OR($A21="",$F21="",$G21="Complete",$G21="Not Applicable"),"",$F21-TODAY()) | O21: =IF($A21="","",IF($G21="","Add status",IF(OR($G21="Complete",$G21="Not Applicable"),IF(AND($G21="Complete",$J21=""),"Check completed date",IF(AND($G21="Complete",$H21=""),"Check support",IF(AND($G21="Complete",$M21<>"Approved",$M21<>"Not Required"),"Check sign-off",IF(AND($M21="Approved",$L21=""),"Check review date","Closed")))),IF(AND($G21="Ready for Review",$H21=""),"Check support",IF($F21="","Add due date",IF($F21<TODAY(),"Overdue",IF($F21<=TODAY()+Assumptions!$B$4,"Due soon",IF($G21="Ready for Review","Review ready","Open"))))))))
N22: =IF(OR($A22="",$F22="",$G22="Complete",$G22="Not Applicable"),"",$F22-TODAY()) | O22: =IF($A22="","",IF($G22="","Add status",IF(OR($G22="Complete",$G22="Not Applicable"),IF(AND($G22="Complete",$J22=""),"Check completed date",IF(AND($G22="Complete",$H22=""),"Check support",IF(AND($G22="Complete",$M22<>"Approved",$M22<>"Not Required"),"Check sign-off",IF(AND($M22="Approved",$L22=""),"Check review date","Closed")))),IF(AND($G22="Ready for Review",$H22=""),"Check support",IF($F22="","Add due date",IF($F22<TODAY(),"Overdue",IF($F22<=TODAY()+Assumptions!$B$4,"Due soon",IF($G22="Ready for Review","Review ready","Open"))))))))
N23: =IF(OR($A23="",$F23="",$G23="Complete",$G23="Not Applicable"),"",$F23-TODAY()) | O23: =IF($A23="","",IF($G23="","Add status",IF(OR($G23="Complete",$G23="Not Applicable"),IF(AND($G23="Complete",$J23=""),"Check completed date",IF(AND($G23="Complete",$H23=""),"Check support",IF(AND($G23="Complete",$M23<>"Approved",$M23<>"Not Required"),"Check sign-off",IF(AND($M23="Approved",$L23=""),"Check review date","Closed")))),IF(AND($G23="Ready for Review",$H23=""),"Check support",IF($F23="","Add due date",IF($F23<TODAY(),"Overdue",IF($F23<=TODAY()+Assumptions!$B$4,"Due soon",IF($G23="Ready for Review","Review ready","Open"))))))))
N24: =IF(OR($A24="",$F24="",$G24="Complete",$G24="Not Applicable"),"",$F24-TODAY()) | O24: =IF($A24="","",IF($G24="","Add status",IF(OR($G24="Complete",$G24="Not Applicable"),IF(AND($G24="Complete",$J24=""),"Check completed date",IF(AND($G24="Complete",$H24=""),"Check support",IF(AND($G24="Complete",$M24<>"Approved",$M24<>"Not Required"),"Check sign-off",IF(AND($M24="Approved",$L24=""),"Check review date","Closed")))),IF(AND($G24="Ready for Review",$H24=""),"Check support",IF($F24="","Add due date",IF($F24<TODAY(),"Overdue",IF($F24<=TODAY()+Assumptions!$B$4,"Due soon",IF($G24="Ready for Review","Review ready","Open"))))))))
N25: =IF(OR($A25="",$F25="",$G25="Complete",$G25="Not Applicable"),"",$F25-TODAY()) | O25: =IF($A25="","",IF($G25="","Add status",IF(OR($G25="Complete",$G25="Not Applicable"),IF(AND($G25="Complete",$J25=""),"Check completed date",IF(AND($G25="Complete",$H25=""),"Check support",IF(AND($G25="Complete",$M25<>"Approved",$M25<>"Not Required"),"Check sign-off",IF(AND($M25="Approved",$L25=""),"Check review date","Closed")))),IF(AND($G25="Ready for Review",$H25=""),"Check support",IF($F25="","Add due date",IF($F25<TODAY(),"Overdue",IF($F25<=TODAY()+Assumptions!$B$4,"Due soon",IF($G25="Ready for Review","Review ready","Open"))))))))
N26: =IF(OR($A26="",$F26="",$G26="Complete",$G26="Not Applicable"),"",$F26-TODAY()) | O26: =IF($A26="","",IF($G26="","Add status",IF(OR($G26="Complete",$G26="Not Applicable"),IF(AND($G26="Complete",$J26=""),"Check completed date",IF(AND($G26="Complete",$H26=""),"Check support",IF(AND($G26="Complete",$M26<>"Approved",$M26<>"Not Required"),"Check sign-off",IF(AND($M26="Approved",$L26=""),"Check review date","Closed")))),IF(AND($G26="Ready for Review",$H26=""),"Check support",IF($F26="","Add due date",IF($F26<TODAY(),"Overdue",IF($F26<=TODAY()+Assumptions!$B$4,"Due soon",IF($G26="Ready for Review","Review ready","Open"))))))))
... N104: =IF(OR($A104="",$F104="",$G104="Complete",$G104="Not Applicable"),"",$F104-TODAY()) | O104: =IF($A104="","",IF($G104="","Add status",IF(OR($G104="Complete",$G104="Not Applicable"),IF(AND($G104="Complete",$J104=""),"Check completed date",IF(AND($G104="Complete",$H104=""),"Check support",IF(AND($G104="Complete",$M104<>"Approved",$M104<>"Not Required"),"Check sign-off",IF(AND($M104="Approved",$L104=""),"Check review date","Closed")))),IF(AND($G104="Ready for Review",$H104=""),"Check support",IF($F104="","Add due date",IF($F104<TODAY(),"Overdue",IF($F104<=TODAY()+Assumptions!$B$4,"Due soon",IF($G104="Ready for Review","Review ready","Open"))))))))

Sheet Assumptions
A1: Editable Close Assumptions and Lists
A2: Close Setting | B2: Editable Value | D2: Task Status | E2: Sign-off Status | F2: Close Area
A3: Default reporting period end | B3: 46022 | D3: Not Started | E3: Pending | F3: Cash & Banking
A4: Due-soon warning lead days | B4: 5 | D4: In Progress | E4: Approved | F4: Receivables
D5: Ready for Review | E5: Changes Requested | F5: Payables
D6: Complete | E6: Not Required | F6: Equipment & Assets
D7: Not Applicable | F7: Operating Costs
F8: Prepaids & Insurance
F9: Payroll
F10: Customer Deposits
F11: Inventory & Supplies
F12: Financial Reporting
A13: Yellow cells are editable. Changes to list choices affect future validation selections; review existing checklist entries after changing a choice.
